 Dungeon Crawl Stone Soup version 0.22-a0-567-gff9aefc (webtiles) character file.

41 Alabard the Ruffian (level 3, 0/29 HPs)
             Began as a Draconian Transmuter on June 29, 2018.
             Succumbed to an adder's poison
             ... on level 3 of the Dungeon.
             The game lasted 00:02:58 (1367 turns).

Alabard the Ruffian (Draconian Transmuter)          Turns: 1367, Time: 00:02:58

Health: 0/29       AC:  5    Str: 12    XL:     3   Next: 32%
Magic:  5/6        EV: 12    Int: 14    God:
Gold:   49         SH:  0    Dex: 11    Spells: 5/6 levels left

rFire    . . .     SeeInvis .     - Unarmed
rCold    . . .     Gourm    .   (no shield)
rNeg     . . .     Faith    .   (armour unavailable)
rPois    .         Spirit   .   (helmet restricted)
rElec    .         Reflect  .   (no cloak)
rCorr    .         Harm     .   (no gloves)
MR       .....                  (boots currently unavailable)
Stlth    +.........             (no amulet)
HPRegen  0.09/turn              (no ring)
MPRegen  0.10/turn              (no ring)

@: lethally poisoned (0 -> -7), appendage (expiring), flying
A: unfitting armour, talons 3, cold-blooded, AC +5
a: End Transformation


You were on level 3 of the Dungeon.
You were hungry.
You had grown temporary talons.
You visited 1 branch of the dungeon, and saw 3 of its levels.

You collected 49 gold pieces.

Inventory:

Missiles
 a - 12 arrows (quivered)
Jewellery
 e - an uncursed ring of resist corrosion {unknown}
Scrolls
 d - a scroll of magic mapping {unknown}
 f - a scroll of amnesia {unknown}
 g - 2 scrolls of remove curse {unknown}
Potions
 b - a potion of curing
Comestibles
 c - 2 rations
 h - a chunk of flesh


   Skills:
 + Level 2.0 Fighting
 + Level 2.3 Dodging
 - Level 3.0 Unarmed Combat
 + Level 2.4 Spellcasting
 + Level 2.5 Transmutations


You had 5 spell levels left.
You knew the following spells:

 Your Spells              Type           Power        Failure   Level  Hunger
a - Beastly Appendage     Tmut           #.....       9%          1    #......

Your spell library contained the following spells:

 Spells                   Type           Power        Failure   Level  Hunger
 Spider Form              Tmut/Pois      #.........   38%         3    ###....
 Blade Hands              Tmut           #.........   92%         5    ######.
 Ice Form                 Ice/Tmut       #.......     80%         4    #####..
 Sticks to Snakes         Tmut           #.......     12%         2    ###....


Dungeon Overview and Level Annotations

Branches:
Dungeon (2/15)

Altars:
Vehumet


Innate Abilities, Weirdness & Mutations

Your plain brown scales are hard. (AC +5)
You cannot fit into any form of body armour.
You are cold-blooded and may be slowed by cold attacks.
You have claws for feet.


Message History

The giant cockroach bites you but does no damage.
You hit the giant cockroach but do no damage.
You tail-slap the giant cockroach.
The giant cockroach is almost dead.
The adder barely misses you.
The giant cockroach bites you but does no damage. x2
Casting: Beastly Appendage (safe; 9% risk of failure)
Confirm with . or Enter, or press ? or * to list all spells.
Your feet morph into talons.
Your transformation is almost over.
The adder misses you.
The giant cockroach completely misses you.
The giant cockroach barely misses you. The adder bites you.
* * * LOW HITPOINT WARNING * * *
You are lethally poisoned!
The adder poisons you!
You hit the adder.
You kill the adder!
Your Fighting skill increases to level 2!
You die...

......#.)...#
.....##.....#
#...
#....!.#####
##.
#.....?....#
..
..#.#.......#
#
#..#.#......!#
#..#.#.......#
#.s.#####
#.s@# #####


You could see 2 giant cockroaches.

Vanquished Creatures
  An adder (D:3)
  2 dart slugs (D:1)
  An orc (D:3)
  A bat (D:1)
  A giant cockroach (D:1)
  4 goblins (D:1)
  2 hobgoblins (D:1)
  3 jackals (D:1)
  A ball python (D:1)
  A frilled lizard (D:2)
  4 kobolds (D:1)
  5 rats (D:1)
26 creatures vanquished.

Notes
Turn   | Place    | Note
-------+----------+-------------------------------------------
     0 | D:1      | Alabard the Draconian Transmuter began the quest for the Orb.
     0 | D:1      | Reached XP level 1. HP: 16/16 MP: 3/3
   228 | D:1      | Reached XP level 2. HP: 22/23 MP: 5/5
  1204 | D:1      | Reached XP level 3. HP: 24/29 MP: 6/6
  1324 | D:2      | You fall through a shaft!
  1324 | D:3      | Found a radiant altar of Vehumet.
  1354 | D:3      | HP: 1/29 [something (2)]
  1366 | D:3      | HP: 1/29 [adder (1)]
  1367 | D:3      | Succumbed to an adder's poison

Vault maps used:
D:1:      elethiomel_arrival_shortcut
D:2:      kennysheep_slug_shrine, tgw_kikubaaqudgha
D:3:      nicolae_ru_the_path_less_chosen, lemuel_round_altar

Skill      XL: |  1  2  3 |
---------------+----------+-----
Dodging        | 2 |  2.3
Fighting       | 2 |  2.0
Unarmed Combat | |  3.0
Spellcasting   | |  2.4
Transmutations | |  2.5

Action                   || total
-------------------------++-------
Melee: Unarmed           ||   110
       Tailslap          ||    10
       Headbutt          ||     4
       Kick              ||     2
       Punch             ||     1
 Cast: Beastly Appendage ||     9
  Use: Potion            ||     2
  Eat: Chunk             ||     1
Armor: Skin              ||    51
Dodge: Dodged            ||   102

Table legend:
 A = Spawn XP
 B = Non-spawn XP
 C = Spawn XP percentage of total XP
 D = Spawn monster count
 E = Non-spawn monster count
 F = Spawn count percentage of total count
 G = Total turns spent on level
                    A         B        C        D         E        F      G
               +---------+---------+-------+---------+---------+-------+---------
         Total |       0 |      59 |   0.0 |       0 |      26 |   0.0 |  1367
               +---------+---------+-------+---------+---------+-------+---------
           D:1 |       0 |      41 |   0.0 |       0 |      23 |   0.0 |  1296
           D:2 |       0 |       1 |   0.0 |       0 |       1 |   0.0 |    28
           D:3 |       0 |      17 |   0.0 |       0 |       2 |   0.0 |    43
               +---------+---------+-------+---------+---------+-------+---------
